Cogmind - Beta 13 @@@ ROGUE MODE // 2024.04.05 @ 14:27:28 Player: writers.room Result: Destroyed by S-10 Pest with Light Assault Rifle Performance ------------- Evolutions (1) 500 Regions Visited (2) 400 Robots Destroyed (1) 5 Value Destroyed (45) 45 Prototype IDs (2) 40 Alien Tech Used (0) 0 Bonus (200) 200 TOTAL SCORE: 1190 Bonus ------- Pacifist 200 Cogmind --------- Core Integrity 0/400 Matter 111/300 Energy 99/100 System Corruption 0% Temperature Cool (0) Movement Core (50) Location -9/Materials Parts ------- > --- POWER (1) -------- (None) > --- PROPULSION (4) --- (None) > --- UTILITY (2) ------ (None) > --- WEAPON (2) ------- (None) > --- INVENTORY (5) ---- (None) Peak State ------------ > --- POWER ------------ (None) > --- PROPULSION ------- Light Treads > --- UTILITY ---------- Shield Generator > --- WEAPON ----------- Improved Medium Laser > --- INVENTORY -------- (None) [Rating: 6] Favorites ----------- Power None Propulsion Light Treads Treads Light Treads Utility Shield Generator Device Shield Generator Weapon Improved Medium Laser Energy Gun Improved Medium Laser Build | -11 -10 -9 ------- Run | Yrd Mat Mat Slots Evolved 2 | . . 2 Power . | . . . Propulsion 2 | . . 2 Utility . | . . . Weapon . | . . . Parts Attached 4 | . . 4 Power . | . . . Engine . | . . . Core . | . . . Reactor . | . . . Propulsion 1 | . . 1 Treads 1 | . . 1 Leg . | . . . Wheel . | . . . Hover . | . . . Flight . | . . . Utility 1 | . . 1 Device 1 | . . 1 Storage . | . . . Processor . | . . . Hackware . | . . . Protection . | . . . Artifact . | . . . Weapon 2 | . . 2 Energy Gun 2 | . . 2 Energy Cannon . | . . . Ballistic Gun . | . . . Ballistic Cannon . | . . . Launcher . | . . . Special Weapon . | . . . Impact Weapon . | . . . Slashing Weapon . | . . . Piercing Weapon . | . . . Special Melee Weapon . | . . . Unidentified Prototypes . | . . . Parts Lost 3 | . . 3 Power . | . . . Propulsion . | . . . Utility 1 | . . 1 Weapon 2 | . . 2 Highest Loss Streak 3 | . . 3 To Critical Strikes . | . . . Average Slot Usage (%) 8 | . . 13 Treads 1 | . . 1 Device 4 | . . 6 Energy Gun 3 | . . 5 Naked Turns 113 | . 71 42 Heaviest Build 5 | . . 5 Greatest Support 3 | 3 3 3 Greatest Overweight (x) 1 | . . 1 Average Overweight (x) . | . . . Largest Inventory Capacity 5 | 5 5 5 Average Capacity 5 | 5 5 5 Most Carried . | . . . Average Carried . | . . . Final Capacity 5 | 5 5 5 Final Carried . | . . . Class Distribution -------------------- 100% | Mutant Dominant Class ---------------- Mutant | -10/Materials Mutant | -9/Materials Resources | -11 -10 -9 ----------- Run | Yrd Mat Mat Matter Collected . | . . . Remotely . | . . . Salvage Created 53 | . . 53 Parts 3 | . . 3 Haulers Intercepted . | . . . Recyclers Shooed . | . . . Parts Field Recycled . | . . . Retrieved Matter . | . . . Parts Self-Destructed . | . . . Prevented . | . . . Kills | -11 -10 -9 ------- Run | Yrd Mat Mat Combat Hostiles Destroyed 1 | . . 1 Classes Destroyed 1 | . . 1 Sentry 1 | . . 1 Best Kill Streak 1 | . . 1 Combat Bots Only 1 | . . 1 Max Kills in Single Turn 1 | . . 1 Gunslinging . | . . . Exploded . | . . . Melee . | . . . Uniques/NPCs Destroyed . | . . . Combat | -11 -10 -9 -------- Run | Yrd Mat Mat Hostile Shots Fired 102 | . 12 90 Missed 29 | . 5 24 Damage Taken 805 | . 94 711 Core 499 | . 94 405 Absorbed by Shields 35 | . . 35 Core Remaining (%) 81 | 100 62 . Volleys Fired 6 | . . 6 Largest 1 | . . 1 Hottest 56 | . . 56 Shots Fired 6 | . . 6 Gun 6 | . . 6 Cannon . | . . . Launcher . | . . . Special . | . . . Kinetic . | . . . Thermal 6 | . . 6 Explosive . | . . . Electromagnetic . | . . . Robot Hit Streak 4 | . . 4 Robot Miss Streak 1 | . . 1 Penetration Max . | . . . Secondary Targets . | . . . Shots Hit Robots 5 | . . 5 Core Hits 2 | . . 2 Critical Kills . | . . . Critical Parts Destroyed . | . . . Critical Strikes 1 | . . 1 Burn 1 | . . 1 Melee Attacks . | . . . Impact . | . . . Slashing . | . . . Piercing . | . . . Sneak Attacks . | . . . Combat Hostiles . | . . . Follow-up Attacks . | . . . Damage Inflicted 92 | . . 92 Guns 85 | . . 85 Cannons . | . . . Explosions . | . . . Melee . | . . . Ramming 7 | . . 7 Kinetic . | . . . Thermal 85 | . . 85 Explosive . | . . . Electromagnetic . | . . . Impact . | . . . Slashing . | . . . Piercing . | . . . Highest Corruption . | . . . Average Corruption . | . . . Corruption Purged . | . . . Corruption Blocked . | . . . Overload Shots . | . . . Overflow Damage . | . . . Projectiles . | . . . Explosions . | . . . Melee . | . . . Knockbacks . | . . . Impact . | . . . Kinetic . | . . . Secondary . | . . . Self-Inflicted Damage . | . . . Shots . | . . . Rammed 10 | . . 10 Targets Rammed 10 | . . 10 Kicked . | . . . Crushed . | . . . Highest Temperature 30 | . . 30 Average Temperature 14 | . . 14 Received Heat Transfer 201 | . 51 150 Siege Activations . | . . . Robots Corrupted . | . . . Combat Hostiles . | . . . Parts Fried . | . . . Impact Corruptions . | . . . Robots Melted 1 | . . 1 Combat Hostiles 1 | . . 1 Parts Melted 2 | . . 2 Heat Transferred 259 | . . 259 Parts Sabotaged . | . . . Parts Stolen . | . . . Parts Stripped . | . . . Power Chain Reactions . | . . . Alert | -11 -10 -9 ------- Run | Yrd Mat Mat Peak Influence 104 | . 35 104 Initial 14 | . . 14 Average 38 | . 13 55 Maximum Alert Level . | . . . Low Security (%) 100 | 100 100 100 Level 1 . | . . . Level 2 . | . . . Level 3 . | . . . Level 4 . | . . . Level 5 . | . . . High Security . | . . . Max Security . | . . . Squads Dispatched 1 | . 1 . Investigation . | . . . Extermination . | . . . Reinforcement 1 | . 1 . Assault . | . . . Garrison . | . . . Intercept . | . . . Searches Triggered . | . . . Construction Impeded . | . . . Haulers Reinforced . | . . . Active Scanning Responses . | . . . Cargo Convoy Interrupts . | . . . Stealth | -11 -10 -9 --------- Run | Yrd Mat Mat Distress Signals 2 | . 1 1 Communications Jammed . | . . . Distress Signals . | . . . Times Spotted 15 | . 5 10 Peak Tracking Total 11 | . 5 11 Tactical Retreats . | . . . Traps | -11 -10 -9 ------- Run | Yrd Mat Mat Traps Triggered . | . . . Indirectly . | . . . Trap Hack Attempts . | . . . Triggered . | . . . Disarmed . | . . . Reprogrammed . | . . . Reused . | . . . Traps Extracted . | . . . Installed . | . . . Triggered . | . . . Machines | -11 -10 -9 ---------- Run | Yrd Mat Mat Machines Disabled . | . . . Max in Single Turn . | . . . Machines Repaired . | . . . Machines Dismantled . | . . . Machines Sabotaged . | . . . Overloaded Fab Kills . | . . . Hacking | -11 -10 -9 --------- Run | Yrd Mat Mat Machines Accessed 3 | . 3 . Terminals 3 | . 3 . Fabricators . | . . . Repair Stations . | . . . Recycling Units . | . . . Scanalyzers . | . . . Garrison Access . | . . . Total Hacks 8 | . 8 . Successful 6 | . 6 . Failed 2 | . 2 . Catastrophic . | . . . Database Lockouts . | . . . Manual 4 | . 4 . Terminals 8 | . 8 . Fabricators . | . . . Repair Stations . | . . . Recycling Units . | . . . Scanalyzers . | . . . Garrison Access . | . . . Terminal Hacks 3 | . 3 . Prototype ID Bank 1 | . 1 . Alert Level 1 | . 1 . Dispatch Records 1 | . 1 . Fabricator Hacks . | . . . Repair Station Hacks . | . . . Recycling Unit Hacks . | . . . Scanalyzer . | . . . Garrison Access Hacks . | . . . Unauthorized Hacks 3 | . 3 . Terminals 3 | . 3 . Botnet 3 | . 3 . Fabricators . | . . . Repair Stations . | . . . Recycling Units . | . . . Scanalyzers . | . . . Garrison Access . | . . . Data Cores Recovered . | . . . Used . | . . . Hacking Detections 1 | . 1 . Full Trace Events . | . . . Feedback Events . | . . . Feedback Blocked . | . . . Robot Schematics Acquired . | . . . Robots Built . | . . . Authchips . | . . . Time . | . . . Total Robot Build Rating . | . . . Part Schematics Acquired . | . . . Parts Built . | . . . Authchips . | . . . Time . | . . . Total Part Build Rating . | . . . Parts Repaired . | . . . Time . | . . . Parts Recycled . | . . . Recycled Matter . | . . . Retrieved Matter . | . . . Retrieved Components . | . . . Parts Scanalyzed . | . . . Part Schematics Acquired . | . . . Parts Damaged . | . . . Bothacking | -11 -10 -9 ------------ Run | Yrd Mat Mat Used RIF Installer . | . . . Robots Hacked . | . . . Non-combat . | . . . Combat . | . . . Robot Hacks Applied . | . . . Relay Couplers Released . | . . . Fabnet Peak Effective % . | . . . Robots Rewired . | . . . Allies Hacked . | . . . Hacks Repelled . | . . . Allies | -11 -10 -9 -------- Run | Yrd Mat Mat Total Allies . | . . . Largest Group . | . . . Highest-Rated Group . | . . . Highest-Rated Ally . | . . . Total Orders . | . . . Ally Attacks . | . . . Total Damage . | . . . Kills . | . . . Allies Corrupted . | . . . Allies Melted . | . . . Intel | -11 -10 -9 ------- Run | Yrd Mat Mat Robot Analysis Total . | . . . Derelict Logs Recovered . | . . . Drone Launches . | . . . Drone Recoveries . | . . . Exploration | -11 -10 -9 ------------- Run | Yrd Mat Mat Turns Passed 208 | 11 71 126 Spaces Moved 331 | 21 140 170 Core 331 | 21 140 170 Treads . | . . . Legs . | . . . Wheels . | . . . Hover . | . . . Flight . | . . . Fastest Speed 50 | 50 50 50 Average Speed 51 | 50 50 52 Slowest Speed 100 | 50 50 100 Overloaded Moves . | . . . Propulsion Burnouts . | . . . Robots Hopped . | . . . Cave-ins Triggered . | . . . Exploration Rate (%) 16 | 3 29 16 Regions Visited 2 Branch Regions . Pre-discovered Areas . | . . . Known Exits Taken . | . . . Unknown Exits Taken 2 | 1 1 . Scrap Searched . | . . . Spaces Dug . | . . . Terrain Destroyed . | . . . Melee . | . . . Projectile . | . . . AOE . | . . . Terrain Rammed . | . . . Walls Destroyed . | . . . Machines Disabled . | . . . Actions | -11 -10 -9 --------- Run | Yrd Mat Mat Total 353 | 20 140 193 Wait 4 | . 1 3 Move 329 | 20 139 170 Hop . | . . . Pick Up . | . . . Fast Attach 4 | . . 4 Attach . | . . . Detach . | . . . Swap . | . . . Drop . | . . . Fire 6 | . . 6 Melee . | . . . Ram . | . . . Kick . | . . . Crush 10 | . . 10 Escape Stasis . | . . . Rewire . | . . . Trap . | . . . Miscellaneous . | . . . Route ------- -11/Scrapyard -10/Materials -9/Materials (discovered 1 exit: [*Sto]) History --------- Turn | Location | Event 5 | -11/Scrapyard | Discovered new exit (range 13) 12 | -11/Scrapyard | Entered Materials 74 | -10/Materials | Discovered new exit (range 16) 83 | -10/Materials | Entered another Materials area 83 | -9/Materials | Evolved 2 slots: Propulsion x2 172 | -9/Materials | Core integrity fell below 50% 181 | -9/Materials | Released all parts (1) 183 | -9/Materials | Core integrity fell below 20% 208 | -9/Materials | Discovered new exit (range 5) 209 | -9/Materials | Destroyed by S-10 Pest with Light Assault Rifle Last Messages --------------- 00104_ T-07 Excavator is excavating. 00139_ Acquired Imp. Medium Laser. 00144_ Y-45 Defender suffers critical hit (Burn). 00150_ Y-45 Defender heat spikes uncontrollably. 00151_ Y-45 Defender heat damages core (-4). 00151_ Lgt. Armor Plating melted. 00151_ Hvy. Assault Rifle melted. 00162_ Acquired Lgt. Treads. 00163_ Slammed into Y-45 Defender. 00164_ Shield Generator destroyed. 00165_ Slammed into Y-45 Defender. 00167_ R-06 Scavenger collects Heat Sink. 00168_ Acquired Beam Rifle. 00170_ Slammed into Y-45 Defender. 00177_ Beam Rifle destroyed. 00178_ Slammed into Y-45 Defender. 00180_ Imp. Medium Laser destroyed. 00181_ Released Lgt. Treads. 00185_ R-06 Scavenger collects Lgt. Treads. 00208_ EXIT=FOUND Map ----- +----------------------------------------------------+ | ?????????????????????????????????????????????????? | | ?????????????????????????????????????????????????? | | ?????????????????????????????????????????????????? | | ?????????????????????????????????????????????????? | | ?????????????????????????????????????????????????? | | ?????????????????????????????????????????????????? | | ?????????????????????????????????????????????????? | | ?????????????????????????????????????????????????? | | ?????????????????????????????????????????????????? | | ?????????????????????????????????????????????????? | | ?????????????????????????????????????????????????? | | ?????????????????????????????????????????????????? | | ?????????????????????????????????????????????????? | | ?????????????????????????????????????????????????? | | ?????????????????????????????????????????????????? | | ?????????????????????????????????????????????????? | | ?###############?????????????????????????????????? | | ?# #?????????????????????????????????? | | ?# #?????????????????????????????????? | | ?# """"" #?????????????????????????????????? | | ?# """"""""" #?????????????????????????????????? | | ?# """ """ #?????????????????????????????????? | | ?# ####+###??????????????????????????? | | #######+######/## #??????????????????????????? | | ####### s ######### #????????????????? | | + s @ #????????????????? | | ####### ### #######????????????????? | | #?????########### = #? ?????????????????????? | | #???########????### ###? ????????????????????? | | #???# """ #??????# #??# < #???????????????????? | | ##### "T" ##?????# #??# #???????????????????? | | / #?????# #??# #???????????????????? | | # " #?#??###/##### ##???????????????????? | | # """% # ! # #????????????????????? | | # """ # = ?? #????????????????????? | | / """ + """ ""???? #????????????????????? | | # "" # """ ""???? #????????????????????? | | ##### """ # """ ""???? #????????????????????? | | ????# "" #?######?????? ????????????????????? | | ????# """ #????????????? #????????????????????? | | ????# " #????????????? ?????????????????????? | | ????# #?????????????????????????????????????? | | ????########?????????????????????????????????????? | | #????????????????????????????????????????????????? | | #????????????????????????????????????????????????? | | #????????????????????????????????????????????????? | | #????????????????????????????????????????????????? | | #????????????????????????????????????????????????? | | #????????????????????????????????????????????????? | | #????????????????????????????????????????????????? | +----------------------------------------------------+ Best States ------------- Heat Dissipation 28 Energy Generation 5 Energy Capacity 100 Matter Stores 111 Matter Capacity 300 Sight Range 16 Terrain Scan Density 10 Evasion (%) 50 Recoil Reduction 1 Item Schematics ----------------- None Robot Schematics ------------------ None Fabricated ------------ Nothing Alien Tech Used ----------------- None Achievements -------------- None Challenges ------------ None Game ------ Seed HackingSubdwellerCannon Manual? 0 Play Time 00:04:22 Cumulative 35.1 hours Start 2024.04.05 @ 14:24:29 End 2024.04.05 @ 14:27:28 Sessions 1 Manual Loads 0 Difficulty Rogue Special Mode None Game No. 105 Rogue 65 Adventurer 14 Explorer 26 Win Type - Total 0 Types 0/0/0/0/0/0/0/0/0 Lore% 23 Gallery% 31 Achievement% 27 Wizard Run 0 Options --------- Layout 0 ASCII 0 Keyboard 1 Movement Vi Keybinds 0 Fullscreen 1 Font 18/SmallcapsGlow Map View 76x50 Zoom Use 0% Tactical HUD 1 Map Filters NONE Filters NONE Steam 1 RUN: de75b227-6dd4-46bc-98f6-38d1be2100e1